[Event "*** Titled Tuesday Blitz"]
[Site "Chess.com"]
[Date "2020.11.24"]
[Round "3"]
[White "DenishevM"]
[Black "THE_PLAYER6"]
[Result "0-1"]
[WhiteElo "2591"]
[BlackElo "2430"]
[TimeControl "180+1"]
[EndTime "10:45:05 PST"]
[Termination "THE_PLAYER6 won on time"]

1. Nf3 d5 2. b3 c5 3. Bb2 Nc6 4. e3 a6 5. d4 Nf6 6. Be2 h6 7. O-O Bf5 8. a3 e6 9. Nbd2 cxd4 10. Nxd4 Nxd4 11. Bxd4 Bd6 12. c4 Bxh2+ 13. Kxh2 h5 14. Nf3 Ng4+ 15. Kg1 Be4 16. g3 h4 17. cxd5 hxg3 18.
fxg3 Qd6 19. Qe1 Rh3 20. Kg2 Rh2+ 21. Kg1 Rh3 22. Kg2 Rh2+ 23. Kg1 O-O-O 24. Rc1+ Kb8 25. Be5 Nxe5 26. Kxh2 Rh8+ 27. Kg2 Ng4 28. Rh1 Nxe3+ 29. Kg1 Rxh1+ 30. Kxh1 Qxd5 31. Qf2 Qd2 32. Re1 Ng4 33. Qg2 Bxf3 34. Qxf3 Qxe1+ 35. Kg2 Ne5 36. Qe3 Qa5 37. b4 Qc7 38. Qf4 f6 39. Kh2 g5 40. Qf2 Qc2 41.
Kg1 f5 42. a4 Ng4 0-1

[Event "*** Titled Tuesday Blitz"]
[Site "Chess.com"]
[Date "2020.11.24"]
[Round "3"]
[White "Guachiney"]
[Black "Malev212"]
[Result "0-1"]
[WhiteElo "2764"]
[BlackElo "2551"]
[TimeControl "180+1"]
[EndTime "10:45:06 PST"]
[Termination "Malev212 won on time"]

1. e4 c5 2. Nf3 Nc6 3. d4 cxd4 4. Nxd4 g6 5. c4 Nf6 6. Nc3 d6 7. f3 Nxd4 8. Qxd4 Bg7 9. Be3 O-O 10. Qd2 Bd7 11.
Bd3 a5 12. h4 h5 13. O-O-O a4 14. g4 hxg4 15. h5 Nxh5 16. fxg4 Bxg4 17. Rdg1 Qd7 18.
Bh6 Be5 19. Nd5 Bf3 20. Rh4 a3 21. b3 e6 22. Nb6 Qe7 23. Bg5 Bf6 24. Nxa8 Rxa8 25. Kb1 Rc8 26. Qe3 Rc5 27. Bxf6 Qxf6 28. Rh2 Qf4 29. Qxf4 Nxf4 30. Bc2 e5 31. Rd2 Rc6 32.
Rf1 Bg4 33. Rg1 Bh5 34. Rg5 Kf8 35. c5 Rxc5 36. Rxd6 Ke7 37. Rb6 Rc7 38. Rxe5+ Kf8 39. Reb5 Ne2 40. Rxb7 Nc3+ 41. Ka1 Nxb5 0-1

[Event "*** Titled Tuesday Blitz"]
[Site "Chess.com"]
[Date "2020.11.24"]
[Round "3"]
[White "Aygehovit1992"]
[Black "Jospem"]
[Result "0-1"]
[WhiteElo "2638"]
[BlackElo "3055"]
[TimeControl "180+1"]
[EndTime "10:45:06 PST"]
[Termination "Jospem won on time"]

1. e4 c5 2. Nf3 d6 3. d4 cxd4 4. Nxd4 a6 5. Nc3 e6 6. g4 Nf6 7. g5 Nfd7 8. h4 b5 9. a3 Be7 10. Be3 Bb7 11. Bg2 Nb6 12. b3 N8d7 13. Nce2 d5 14.
Ng3 O-O 15. g6 hxg6 16. h5 g5 17. h6 g6 18. h7+ Kh8 19. Qe2 e5 20. Nf3 d4 21. Bd2 Rc8 22. Bb4 Bxb4+ 23. axb4 Qe7 24. Qd2 f6 25. Nh2 f5 26. Nf3 f4 27. Ne2 Bxe4 28. Nh4 Bxc2 29. Rc1 gxh4 30. Rxc2 f3 31. Rxc8 Nxc8 32. Bxf3 Rxf3 33. Qc2 Qe8 34. Qe4 Rf6 35. Nxd4 Nd6 36. Qe2 exd4 0-1

[Event "*** Titled Tuesday Blitz"]
[Site "Chess.com"]
[Date "2020.11.24"]
[Round "3"]
[White "dretch"]
[Black "cstevens1"]
[Result "0-1"]
[WhiteElo "2789"]
[BlackElo "2575"]
[TimeControl "180+1"]
[EndTime "10:45:06 PST"]
[Termination "cstevens1 won on time"]

1. d4 Nf6 2. c4 Nc6 3. Nf3 e6 4. Nc3 Bb4 5. Qc2 d6 6. Bd2 e5 7. d5 Bxc3 8. Bxc3 Nb8 9. e4 O-O 10. Be2 Ne8 11. h4 h6 12. Bd3 a5 13. Rg1 Na6 14. g4 Nb4 15. Bxb4 axb4 16. Qb3 c5 17.
dxc6 bxc6 18. c5 Be6 19. Qxb4 dxc5 20. Qc3 f6 21. O-O-O Qa5 22. Qxa5 Rxa5 23. a3 Nd6 24. Bc2 Nb5 25. g5 fxg5 26. Nxe5 Nd4 27. hxg5 Rxf2 28. Rd2 Rxd2 29. Kxd2 c4 30. Kc3 Ne2+ 31. Kb4 Rb5+ 32. Ka4 Nxg1 33. gxh6 gxh6 34. Nxc6 Rxb2 35. Nd4 Bd7+ 36.
Ka5 Ne2 37. Nxe2 Rxc2 38. Nf4 c3 39. Kb4 Rf2 40. Nd3 c2 0-1

[Event "*** Titled Tuesday Blitz"]
[Site "Chess.com"]
[Date "2020.11.24"]
[Round "3"]
[White "LiderChessAcademy"]
[Black "sjam6687"]
[Result "0-1"]
[WhiteElo "2547"]
[BlackElo "2794"]
[TimeControl "180+1"]
[EndTime "10:45:07 PST"]
[Termination "sjam6687 won on time"]

1. d4 Nf6 2. c4 e6 3. Nf3 d5 4. g3 dxc4 5. Bg2 Bb4+ 6. Bd2 a5 7. Qc2 Nc6 8. Qxc4 Qd5 9. Qxd5 exd5 10.
a3 Bxd2+ 11. Nbxd2 O-O 12. Rc1 Bf5 13. O-O a4 14. e3 Ra6 15. Nh4 Be6 16. Rc2 Rb6 17. Ndf3 Na5 18. Rxc7 Rxb2 19. Ng5 Nc4 20. Nxe6 fxe6 21.
Bh3 Re8 22. Nf3 Nxa3 23. Ng5 Rb6 24. Ra1 Nb5 25. Rc5 h6 26. Nxe6 Ra8 27. Rcc1 Nd6 28.
Nc5 a3 29. Kg2 Nc4 30. Be6+ Kf8 31. Bxd5 Nxe3+ 32. fxe3 Rb2+ 33. Kh3 Nxd5 34. Ne6+ Kf7 35. Nc7 Nxc7 36. Rxc7+ Kg6 37. Rc3 a2 38. Rcc1 b5 39. d5 Kf6 40. e4 Ke5 41. Rd1 Kd6 42. e5+ Kxe5 43. d6 b4 44. d7 Rd8 45. Re1+ Kf6 46.
Rad1 b3 0-1

[Event "*** Titled Tuesday Blitz"]
[Site "Chess.com"]
[Date "2020.11.24"]
[Round "3"]
[White "Road2GM3000"]
[Black "Sacbutt"]
[Result "1-0"]
[WhiteElo "2016"]
[BlackElo "2291"]
[TimeControl "180+1"]
[EndTime "10:45:07 PST"]
[Termination "Road2GM3000 won on time"]

1. d4 Nf6 2. c4 e6 3. Nc3 d5 4.
cxd5 exd5 5. Bg5 Be7 6. e3 O-O 7. Nf3 c6 8. Bd3 Nbd7 9. O-O Re8 10. Qc2 Nf8 11. Ne5 g6 12. Rae1 Ne6 13. Bh4 a6 14. a3 Ng7 15. b4 Bf5 16. Na4 Bxd3 17. Qxd3 Nf5 18. Bg3 Ne4 19. Nc5 Bxc5 20. bxc5 f6 21. Nf3 Nfxg3 22. hxg3 b5 23. cxb6 Qxb6 24. Rb1 Qc7 25. Rfc1 Qd6 26. Rb6 Rec8 27. Rxa6 Qc7 28. Rxa8 Rxa8 29. Qb3 Kg7 30. Qxd5 cxd5 31. Rxc7+ Kh6 32.
Rc1 Rxa3 33. Ne1 Ra2 34. Nd3 Kg5 35. Rf1 h5 36. Nf4 Ra5 37. Rc1 Kf5 38. Rc2 Ra1+ 39.
Kh2 Ra5 40. f3 Nd6 41. Rc6 Nc4 42. Nxd5 Kg5 43. Rxc4 Rxd5 44. Rc5 1-0

[Event "*** Titled Tuesday Blitz"]
[Site "Chess.com"]
[Date "2020.11.24"]
[Round "3"]
[White "German_Bazeev"]
[Black "Gerodot71"]
[Result "1-0"]
[WhiteElo "2678"]
[BlackElo "2469"]
[TimeControl "180+1"]
[EndTime "10:45:08 PST"]
[Termination "German_Bazeev won by resignation"]

1. d4 Nf6 2. Nf3 d5 3. c4 e6 4.
g3 Be7 5. Bg2 O-O 6. O-O dxc4 7.
Qc2 a6 8. a4 Nc6 9. Qxc4 Qd5 10. Nbd2 Rd8 11. e3 Qh5 12. b3 e5 13. dxe5 Ng4 14. h4 Be6 15. Qf4 Ngxe5 16. Nxe5 Nxe5 17. Nf3 Bf6 18. Nd4 Bd5 19. Bxd5 Rxd5 20. Qe4 Rad8 21. b4 Nf3+ 22. Kg2 Nxd4 23. exd4 Rxd4 24. Qxb7 Rd1 25. Rxd1 Rxd1 26. Bb2 Rd6 27. Bxf6 gxf6 28. Qf3 Qxf3+ 29. Kxf3 Rd4 30. Rb1 Rd3+ 31. Ke4 Ra3 32. a5 Rc3 33. Kd4 Rc2 34. Ra1 c6 35. Ra3 Rxf2 36.
Rc3 Rb2 37. Kc5 f5 38. Rc4 Rb3 39. Kxc6 Rxg3 40. Kb6 Rg4 41. Kc5 Kg7 42. Rxg4+ fxg4 43. Kd4 Kf6 44. b5 axb5 45. a6 g3 46. Ke3 b4 47.
a7 b3 48. a8=Q g2 49. Qxg2 Kf5 50. Qb2 Kg4 1-0

[Event "*** Titled Tuesday Blitz"]
[Site "Chess.com"]
[Date "2020.11.24"]
[Round "3"]
[White "ChronicUnhappiness"]
[Black "sergeikim"]
[Result "0-1"]
[WhiteElo "2366"]
[BlackElo "2542"]
[TimeControl "180+1"]
[EndTime "10:45:08 PST"]
[Termination "sergeikim won on time"]

1. c4 e5 2. Nc3 Nc6 3. Nf3 g6 4. d4 exd4 5. Nxd4 Bg7 6. Nxc6 bxc6 7. g3 Nf6 8. Bg2 O-O 9. O-O Rb8 10. Qc2 Re8 11. Rd1 Bb7 12. b3 d6 13. Bb2 Qe7 14.
e3 h5 15. h3 h4 16. g4 a5 17.
Rd2 Nd7 18. Na4 Ne5 19. f4 Nd7 20. Re1 Nf6 21. c5 d5 22. Bd4 Ba6 23. Qb2 Rb4 24. Be5 Reb8 25. Rd4 R4b7 26. Qc3 Bb5 27. Nb2 Ne8 28.
Bxg7 Nxg7 29. e4 dxe4 30. Rexe4 Qf8 31. Re5 Ne6 32. Rd2 Nxf4 33. Qd4 Nxg2 34. Kxg2 a4 35. bxa4 Ba6 36. Nc4 Rb4 37. Qc3 Rxc4 38. Qe3 Rxa4 39.
Rd7 Rxa2+ 40. Kf3 Re2 41. Qf4 Rb3+ 0-1

[Event "*** Titled Tuesday Blitz"]
[Site "Chess.com"]
[Date "2020.11.24"]
[Round "3"]
[White "Kaua18"]
[Black "zocpoc71"]
[Result "1-0"]
[WhiteElo "2356"]
[BlackElo "2508"]
[TimeControl "180+1"]
[EndTime "10:45:08 PST"]
[Termination "Kaua18 won on time"]

1. e4 e5 2. Nf3 Nc6 3. Bb5 Bc5 4.
c3 Qf6 5. O-O Nge7 6. Re1 h6 7.
d4 Bb6 8. Be3 O-O 9. Nbd2 d6 10.
h3 Ng6 11. Nf1 Nh4 12. Nxh4 Qxh4 13. Bxc6 bxc6 14. dxe5 dxe5 15. Ng3 Be6 16. Qa4 Rab8 17. Qxc6 Bxe3 18. Rxe3 Rxb2 19. Qxc7 Qg5 20. Qxa7 Rd8 21. Nf1 Bc4 22. Rg3 Qf6 23. Rf3 Qg6 24. Qc7 Rdb8 25. Qxc4 Rb1 26. Rxb1 Rxb1 27. Qc8+ Kh7 28. Qf5 Qxf5 29.
exf5 f6 30. g4 Ra1 31. Kg2 Rxa2 32. Ng3 Rc2 33. Rd3 h5 34. Nxh5 Kh6 35. Rd7 e4 36. Re7 Rxc3 37. Rxe4 Kg5 38. Nxg7 Kh4 39. Re8 Rc2 40.
Ne6 1-0

[Event "*** Titled Tuesday Blitz"]
[Site "Chess.com"]
[Date "2020.11.24"]
[Round "3"]
[White "salomez"]
[Black "tteshan"]
[Result "0-1"]
[WhiteElo "2153"]
[BlackElo "2377"]
[TimeControl "180+1"]
[EndTime "10:45:11 PST"]
[Termination "tteshan won on time"]

1. e4 c5 2. Nf3 e6 3. d4 cxd4 4. Nxd4 Nc6 5. Nc3 a6 6. Be2 Nf6 7. Be3 d6 8. O-O Be7 9. f4 O-O 10. Bf3 Qc7 11. Qe1 Nxd4 12. Bxd4 e5 13. Be3 exf4 14. Bxf4 Be6 15. Qg3 Rfe8 16. Rad1 Qb6+ 17. Kh1 Qxb2 18. Nd5 Bxd5 19. exd5 Qb6 20. Rfe1 Bf8 21.
Bg5 Nd7 22. Be4 Ne5 23. Qh3 Ng6 24. Qd7 Re5 25. Bxg6 Rxe1+ 26. Rxe1 hxg6 27. Rf1 f6 28. Qe6+ Kh7 29. Qh3+ Kg8 30. Qe6+ Kh7 31. Bc1 Qd4 32. h3 Qe5 33. Qf7 Qe7 34. Qe6 Qxe6 35. dxe6 Re8 36.
Re1 g5 37. g4 Kg6 38. Kg2 Be7 39. Kf3 Rc8 0-1

[Event "*** Titled Tuesday Blitz"]
[Site "Chess.com"]
[Date "2020.11.24"]
[Round "3"]
[White "RobPeresian"]
[Black "kingofthenil"]
[Result "0-1"]
[WhiteElo "2443"]
[BlackElo "2761"]
[TimeControl "180+1"]
[EndTime "10:45:13 PST"]
[Termination "kingofthenil won by resignation"]

1. Nf3 Nf6 2. c4 e6 3. Nc3 d5 4. d4 h6 5. Bf4 Bd6 6. e3 O-O 7. Bd3 Bxf4 8. exf4 dxc4 9. Bxc4 Bd7 10. Qe2 Bc6 11. Rd1 Bd5 12. Nxd5 exd5 13. Bd3 Re8 14.
Ne5 Nc6 15. Bb1 Qd6 16. O-O Qb4 17. a3 Qb6 18. Qd2 Ne4 19. Bxe4 dxe4 20. Qe2 Rad8 21.
Qxe4 f6 22. d5 Nxe5 23. fxe5 Rxe5 24. Qg6 Qxb2 25. Rb1 Qxa3 26. Rxb7 Qc5 27. h3 Rexd5 28. Ra1 Rd2 29. Qg3 Qd6 30. Qxd6 R8xd6 31. Raxa7 Rd1+ 32. Kh2 Rd7 33. Rxc7 Rxc7 34. Rxc7 Kh7 35. f4 Rd2 36. f5 h5 37. Kg3 Kh6 38. Kf3 h4 39.
Rc4 Kh5 40. Rg4 Rd7 41. Kf4 Rd4+ 42. Kf3 Rxg4 43. hxg4+ Kg5 44. g3 h3 45. Kf2 Kxg4 46. Kg1 Kxf5 47. Kh2 Kg4 48. Kg1 Kxg3 49. Kh1 f5 50. Kg1 f4 51. Kh1 f3 52. Kg1 f2+ 53.
Kf1 h2 0-1

[Event "*** Titled Tuesday Blitz"]
[Site "Chess.com"]
[Date "2020.11.24"]
[Round "3"]
[White "Campelov"]
[Black "MartinMatthiesen"]
[Result "1-0"]
[WhiteElo "2191"]
[BlackElo "2399"]
[TimeControl "180+1"]
[EndTime "10:45:13 PST"]
[Termination "Campelov won by checkmate"]

1. e4 c5 2. Nf3 d6 3. d4 cxd4 4.
Nxd4 Nf6 5. Nc3 a6 6. Rg1 g6 7. g4 Bg7 8. g5 Nfd7 9. Be3 Nc6 10.
h4 Qc7 11. Qd2 Nde5 12. Be2 O-O 13. f4 Nxd4 14. Bxd4 Nc4 15. Bxc4 Qxc4 16. Bxg7 Kxg7 17. O-O-O Be6 18. h5 Rac8 19. Rdf1 Rc5 20. f5 gxf5 21. g6 fxg6 22. hxg6 h6 23. Rh1 Rh8 24. exf5 Rxf5 25.
Re1 Rf6 26. b3 Qb4 27. Kb2 Rxg6 28. a3 Qa5 29. Qd4+ Kh7 30. Qd3 Qg5 31. Rxe6 Rg8 32. Rhe1 Kh8 33. Rxe7 Qf6 34. Qe3 Rg3 35. Qd2 Rg2 36.
Qd3 R8g3 37. R7e3 Rg8 38. Re6 Qg5 39. Qd4+ Qg7 40. Rxh6# 1-0

[Event "*** Titled Tuesday Blitz"]
[Site "Chess.com"]
[Date "2020.11.24"]
[Round "3"]
[White "Beca95"]
[Black "DoHoChess"]
[Result "1/2-1/2"]
[WhiteElo "2921"]
[BlackElo "2694"]
[TimeControl "180+1"]
[EndTime "10:45:14 PST"]
[Termination "Game drawn by agreement"]

1. d4 d5 2. c4 e6 3. Nf3 Nf6 4. Nc3 c5 5. cxd5 exd5 6. Bg5 Be6 7. Bxf6 Qxf6 8. e4 dxe4 9. Bb5+ Nc6 10. Nxe4 Qf5 11. Bd3 Qd5 12. O-O cxd4 13. Neg5 Be7 14. Nxe6 fxe6 15. Re1 Bf6 16. Rc1 O-O 17. Bc4 Qh5 18.
Rxe6 Kh8 19. Bd3 Rae8 20. Rxe8 Rxe8 21. g3 Ne5 22. Nxe5 Qxd1+ 23. Rxd1 Rxe5 24. Rc1 g6 25. h4 Kg7 26. Kg2 b6 27. Rc6 Rc5 28. Rd6 Rc7 29. Kf3 Be5 30. Re6 Bf6 31. Ke4 Kf7 32.
Kd5 Rd7+ 33. Rd6 Rxd6+ 34. Kxd6 Be7+ 35. Kc6 Bc5 36. a3 a5 37. Kb5 Kf6 38. b4 axb4 39. axb4 Bf8 40. Kc4 h6 41. b5 Bc5 42. Kd5 g5 43.
hxg5+ hxg5 44. Ke4 Ke6 45. Kf3 Kf6 46. Kg4 Bd6 47.
f4 gxf4 48. gxf4 Bc5 1/2-1/2

[Event "*** Titled Tuesday Blitz"]
[Site "Chess.com"]
[Date "2020.11.24"]
[Round "3"]
[White "verdest"]
[Black "champ2005"]
[Result "0-1"]
[WhiteElo "2617"]
[BlackElo "3017"]
[TimeControl "180+1"]
[EndTime "10:45:14 PST"]
[Termination "champ2005 won by resignation"]

1. d4 Nf6 2. c4 g6 3. g3 Bg7 4. Bg2 O-O 5. Nc3 c5 6. dxc5 Qa5 7. Qa4 Qxc5 8. Be3 Qh5 9. Nh3 Nc6 10. Nf4 Qf5 11. O-O d6 12. h3 Qd7 13. Nfd5 Nxd5 14. cxd5 Ne5 15. Qb3 b5 16. Qxb5 Qxb5 17. Nxb5 Ba6 18.
a4 Nc4 19. Bd4 Bxb5 20. Bxg7 Kxg7 21. axb5 Rfb8 22. Ra4 Ne5 23. Rc1 g5 24. Rb4 Rb7 25. f4 gxf4 26. gxf4 Ng6 27. e3 Rab8 28. Bf1 a6 29. Ra1 axb5 30. Ra5 Rc7 31. Raxb5 Rbc8 32. Rb7 Rc1 33. f5 Ne5 34. Rxe7 Kf6 35. Reb7 R1c2 36. Rf4 Rg8+ 37. Kh1 Rg3 38. Rbb4 Nf3 39. Rxf3 Rxf3 40. Rf4 Rxf4 41. exf4 Rxb2 42. Bd3 Rf2 0-1

[Event "*** Titled Tuesday Blitz"]
[Site "Chess.com"]
[Date "2020.11.24"]
[Round "3"]
[White "Pogosian_Manvel"]
[Black "CheckThis4"]
[Result "0-1"]
[WhiteElo "2380"]
[BlackElo "2563"]
[TimeControl "180+1"]
[EndTime "10:45:14 PST"]
[Termination "CheckThis4 won by resignation"]

1. Nf3 d5 2. d4 Nf6 3. c4 e6 4. Nc3 Nbd7 5. e3 c6 6. Bd3 Bd6 7. O-O O-O 8. e4 e5 9. cxd5 cxd5 10.
Nxd5 Nxd5 11. exd5 exd4 12. Nxd4 Ne5 13. Bf5 Qh4 14. f4 Ng4 15. h3 Bxf5 16. Nxf5 Bc5+ 17.
Kh1 Nf2+ 18. Rxf2 Qxf2 19. Bd2 Rfe8 20. Bc3 Re2 21. Qf1 g6 22. Nh6+ Kf8 23. Ng4 Qxf1+ 24. Rxf1 f5 25. Ne5 Rd8 26. Rd1 Be3 27. d6 Bxf4 28. Nc4 Rd7 29. Bb4 Bg3 30. b3 Rxa2 31. Rc1 Re2 32. Na5 Rb2 33. Kg1 Bxd6 34. Rc8+ Kg7 35. Bxd6 Rxd6 36. Nc4 Rd1+ 37. Kh2 Rbb1 38. Rc7+ Kf6 39. Ne3 Rd2 40. Kg3 Rd3 41. Kf2 Rb2+ 42. Kf3 Rbxb3 43. Rd7 Rxe3+ 44. Kf2 Red3 0-1

[Event "*** Titled Tuesday Blitz"]
[Site "Chess.com"]
[Date "2020.11.24"]
[Round "3"]
[White "Sjakkerntobi"]
[Black "PIwan"]
[Result "0-1"]
[WhiteElo "2372"]
[BlackElo "2556"]
[TimeControl "180+1"]
[EndTime "10:45:14 PST"]
[Termination "PIwan won by resignation"]

1. e4 e6 2. d4 d5 3. Nd2 Be7 4.
Ngf3 Nf6 5. e5 Nfd7 6. Bd3 c5 7. c3 Nc6 8. O-O a5 9. a3 cxd4 10. cxd4 Qb6 11. Re1 Nxd4 12. Nxd4 Qxd4 13. Nf3 Qb6 14. Bg5 Qd8 15. Bxe7 Qxe7 16. Rc1 Nc5 17. Bb1 b6 18. Nd4 O-O 19. b4 axb4 20. axb4 Ne4 21. f3 Ng5 22. h4 Nh3+ 23. gxh3 Qxh4 24. Qd2 f6 25. Qf2 Qxh3 26. Qg2 Qh4 27. Nc6 Bb7 28. Qg4 Qh6 29.
Qxe6+ Kh8 30. Rc2 Bxc6 31. Qxc6 Qh4 32. Rec1 Qd4+ 33. Kg2 fxe5 34. Rf2 Qf4 35. Qc3 Qg5+ 36. Kf1 Qh5 37. Qd3 Qh3+ 38. Ke2 e4 39. fxe4 Rxf2+ 40. Kxf2 Rf8+ 41. Ke1 Qg2 42. Qe2 Qg1+ 43. Kd2 Qg5+ 44. Kc2 Rc8+ 45. Kb2 Qxc1+ 46. Kb3 Qxb1+ 47. Qb2 Qxb2+ 48. Kxb2 dxe4 0-1

[Event "*** Titled Tuesday Blitz"]
[Site "Chess.com"]
[Date "2020.11.24"]
[Round "3"]
[White "Ze-Pequeno"]
[Black "anon102030"]
[Result "0-1"]
[WhiteElo "2258"]
[BlackElo "2724"]
[TimeControl "180+1"]
[EndTime "10:45:15 PST"]
[Termination "anon102030 won on time"]

1. e4 e5 2. Nf3 Nc6 3. Nc3 g6 4. d4 exd4 5. Nxd4 Bg7 6. Be3 d6 7. Qd2 Nge7 8. O-O-O Be6 9. Be2 Qd7 10. f3 O-O-O 11. Kb1 Nxd4 12. Bxd4 Bxd4 13. Qxd4 Nc6 14.
Qa4 Kb8 15. Bb5 a6 16. Be2 Rhe8 17. Rhe1 Ne5 18. Qxd7 Bxd7 19. b3 Bc6 20. Kb2 f5 21. exf5 gxf5 22. f4 Ng4 23. Bxg4 fxg4 24. g3 Bf3 25. Rc1 d5 26. Nb1 c5 27. Nd2 Bg2 28. c3 Kc7 29. Kc2 Kd6 30. Kd3 h5 31. Nf1 Be4+ 32. Kd2 a5 33. Ne3 a4 34. b4 b6 35. Nc2 Bxc2 36. Kxc2 c4 37. Kd2 h4 38. Rxe8 Rxe8 39. Rg1 hxg3 40. hxg3 Rh8 41. Rg2 Rh1 42.
Kc2 a3 43. Kd2 Ra1 44. Ke3 Rd1 45. f5 Ke5 46. Rf2 Rd3+ 47. Ke2 Rxc3 48. f6 Rc2+ 0-1

[Event "*** Titled Tuesday Blitz"]
[Site "Chess.com"]
[Date "2020.11.24"]
[Round "3"]
[White "Quiet_Desperation"]
[Black "GukeshDommaraju"]
[Result "0-1"]
[WhiteElo "1658"]
[BlackElo "2884"]
[TimeControl "180+1"]
[EndTime "10:45:15 PST"]
[Termination "GukeshDommaraju won by resignation"]

1. e4 c5 2. Nf3 Nc6 3. d4 cxd4 4. Nxd4 Nf6 5. Nc3 e5 6. Ndb5 d6 7. Bg5 a6 8. Bxf6 gxf6 9. Na3 b5 10. Nd5 Bg7 11. c3 f5 12. Bd3 Be6 13. O-O Bxd5 14. exd5 Ne7 15. Qh5 e4 16. Be2 Qc8 17. f3 e3 18. Kh1 Ng6 19. f4 O-O 20. Rf3 Re8 21. Nc2 Qc5 22. Nd4 Bxd4 23. cxd4 Qxd4 24. Rd1 Qg7 25.
g4 fxg4 26. Qxg4 Kh8 27. Rg1 Rg8 28. Qh5 Qxb2 29. Bd3 Rg7 30. f5 Qe5 31. Qh6 Qxd5 32. Rg3 Qxd3 33. f6 Qd1+ 34. Kg2 Nh4+ 35. Qxh4 Rxg3+ 36. Rxg3 Qe2+ 37. Kh3 Qf1+ 38. Rg2 Qf3+ 39. Rg3 Qf1+ 40. Rg2 Rg8 41. Qe4 Qxg2+ 42. Qxg2 Rxg2 43. Kxg2 0-1

[Event "*** Titled Tuesday Blitz"]
[Site "Chess.com"]
[Date "2020.11.24"]
[Round "3"]
[White "serhanberat_ozdemir"]
[Black "UCantHandleDenker"]
[Result "0-1"]
[WhiteElo "2342"]
[BlackElo "2525"]
[TimeControl "180+1"]
[EndTime "10:45:16 PST"]
[Termination "UCantHandleDenker won by resignation"]

1. e4 e5 2. Nf3 Nf6 3. Nxe5 d6 4. Nf3 Nxe4 5. Nc3 Nxc3 6. dxc3 Be7 7. Bd3 Nc6 8. Be3 Be6 9. Qd2 Qd7 10. O-O-O h6 11. Nd4 Nxd4 12. cxd4 Bf5 13. Rhe1 Bxd3 14. Qxd3 O-O 15.
g4 Rae8 16. Rg1 Qe6 17. d5 Qg6 18. Qd2 Bh4 19. g5 h5 20. f3 Re7 21. Qd4 Rfe8 22. Bd2 Qf5 23. Qxh4 Qxd5 24. Kb1 Qxf3 25. g6 fxg6 26.
Bc3 Re4 27. Qg5 Rg4 28. Qb5 Rf8 29. Qb3+ Kh7 30. Rge1 Re4 31. a3 b6 32. Rxe4 Qxd1+ 33. Ka2 Qf3 34. Re7 Rg8 35. Qf7 Qxf7+ 36. Rxf7 Kh6 37.
Rxc7 g5 38. Rxa7 g4 39. Rd7 h4 40. Rxd6+ g6 41. Bd2+ Kh7 42. Rd7+ Rg7 43. Rxg7+ Kxg7 44. Bg5 g3 45. hxg3 h3 46. Bf4 h2 47. Be5+ Kf7 0-1

[Event "*** Titled Tuesday Blitz"]
[Site "Chess.com"]
[Date "2020.11.24"]
[Round "3"]
[White "maxip32"]
[Black "LamaChampetre"]
[Result "0-1"]
[WhiteElo "2479"]
[BlackElo "2228"]
[TimeControl "180+1"]
[EndTime "10:45:16 PST"]
[Termination "LamaChampetre won on time"]

1. e4 c5 2. Nf3 g6 3. d4 cxd4 4. Nxd4 Nc6 5. c4 Nf6 6. Nc3 d6 7. f3 Nxd4 8. Qxd4 Bg7 9. Be3 O-O 10. Qd2 Qa5 11. Rc1 Be6 12. Nd5 Qxa2 13. Nxe7+ Kh8 14. Be2 Ng8 15. Nxg8 Kxg8 16. Bd4 Bxd4 17. Qxd4 Qa5+ 18. Qd2 Qc5 19. b4 Qb6 20. h4 a5 21. bxa5 Rxa5 22. h5 Rfa8 23. hxg6 fxg6 24. Qh6 Qc7 25. Kf2 Ra2 26. Kf1 Rb2 27. Bd3 Raa2 28. Rh2 Rf2+ 29. Kg1 Rfd2 30. Bf1 Qc5+ 31. Kh1 Qc7 32. Re1 Rf2 33.
Rc1 Qf7 34. c5 dxc5 35. Qg5 Ra8 36. Qxc5 Rfa2 37. Qd4 Qe7 38. Rb1 Bf7 39. e5 Be6 40. Qe4 Bf5 41. Qc4+ Kg7 42. Rb6 Ra1 43. g4 Bd7 0-1

[Event "*** Titled Tuesday Blitz"]
[Site "Chess.com"]
[Date "2020.11.24"]
[Round "3"]
[White "Andrii_Prydun"]
[Black "mamonika"]
[Result "1-0"]
[WhiteElo "2348"]
[BlackElo "2110"]
[TimeControl "180+1"]
[EndTime "10:45:16 PST"]
[Termination "Andrii_Prydun won on time"]

1. d4 Nf6 2. c4 d6 3. Nf3 Nbd7 4. Bf4 g6 5. g3 Bg7 6. Bg2 O-O 7. Qc1 Nh5 8. Bh6 e5 9. Bxg7 Nxg7 10. dxe5 dxe5 11.
O-O c6 12. Nc3 Qc7 13. Qh6 Nf5 14. Qc1 Nc5 15. b4 Ne6 16. c5 a5 17. Ne4 axb4 18. g4 Nfd4 19. Qh6 Nxe2+ 20. Kh1 f6 21. g5 fxg5 22.
Nexg5 Nxg5 23. Nxg5 Nf4 24. Be4 Bf5 25. Rg1 Bxe4+ 26.
Nxe4 Qg7 27. Qh4 Rf5 28. Rad1 Rh5 29. Rd8+ Rxd8 30. Qxd8+ Qf8 31. Nf6+ Kf7 32. Qxf8+ Kxf8 33. Nxh5 Nxh5 34. Rb1 Ke7 35. Rxb4 Ke6 36. Rxb7 Nf6 37. a4 Nd7 38. a5 Nxc5 39. Rb6 Kd7 40. Kg1 Kc7 41.
Kf1 Nb7 42. Ra6 Nc5 43. Ra7+ Kb8 44. Rxh7 1-0

[Event "*** Titled Tuesday Blitz"]
[Site "Chess.com"]
[Date "2020.11.24"]
[Round "3"]
[White "grzechu96"]
[Black "Sanan_Sjugirov"]
[Result "1/2-1/2"]
[WhiteElo "2696"]
[BlackElo "2922"]
[TimeControl "180+1"]
[EndTime "10:45:17 PST"]
[Termination "Game drawn by repetition"]

1. e4 c5 2. Nf3 Nc6 3. Bb5 g6 4. O-O Bg7 5. Re1 e5 6. b4 cxb4 7. a3 b3 8. cxb3 Nge7 9. Bb2 O-O 10. Nc3 d6 11. h3 a6 12. Bc4 b5 13. Bd5 Nxd5 14. Nxd5 Be6 15. d4 exd4 16. Rc1 Rc8 17. Nxd4 Bxd5 18. exd5 Nxd4 19. Rxc8 Qxc8 20. Bxd4 Bxd4 21.
Qxd4 Re8 22. Rxe8+ Qxe8 23. a4 Qe1+ 24. Kh2 Qe5+ 25.
Qxe5 dxe5 26. Kg3 f5 27. Kh4 h6 28. g4 f4 29. g5 h5 30. f3 Kf8 31. axb5 axb5 32. b4 Ke8 33. d6 Kd8 34. d7 e4 35.
fxe4 Kxd7 36. e5 Ke7 37. e6 f3 38. Kg3 Kxe6 39. Kxf3 Kf5 40. h4 Ke5 41. Ke3 Kd5 42. Kd3 Ke5 43. Ke3 Kd5 44. Kd3 Ke5 45. Ke3 1/2-1/2

[Event "*** Titled Tuesday Blitz"]
[Site "Chess.com"]
[Date "2020.11.24"]
[Round "3"]
[White "Sueetin"]
[Black "chess94cu"]
[Result "0-1"]
[WhiteElo "2273"]
[BlackElo "2512"]
[TimeControl "180+1"]
[EndTime "10:45:17 PST"]
[Termination "chess94cu won on time"]

1. e4 d6 2. d4 Nf6 3. Nc3 Nbd7 4. Nf3 e5 5. Bc4 Be7 6. O-O O-O 7. a4 c6 8. b3 h6 9. Bb2 Qc7 10. Re1 Re8 11.
a5 Bf8 12. Bf1 exd4 13. Nxd4 Nc5 14. f3 g6 15. b4 Ncd7 16. Nce2 Ne5 17. Nf4 Bg7 18.
c4 Bd7 19. Rc1 Rad8 20. Qc2 Bc8 21. Qb1 b6 22. axb6 axb6 23. b5 c5 24. Nde2 g5 25. Nd5 Nxd5 26. exd5 f5 27. Ng3 Qf7 28. Qc2 h5 29. Ra1 h4 30. Ne2 f4 31. Nc3 g4 32.
fxg4 Nxg4 33. Ne4 Bf5 34. Bd3 Bxb2 35. Qxb2 Qg6 36. Ra7 f3 37. h3 Bxe4 38. Bxe4 f2+ 39. Qxf2 Rxe4 40. Rxe4 Nxf2 0-1

[Event "*** Titled Tuesday Blitz"]
[Site "Chess.com"]
[Date "2020.11.24"]
[Round "3"]
[White "Taktikmonster"]
[Black "StockholmMissile"]
[Result "1-0"]
[WhiteElo "2161"]
[BlackElo "2357"]
[TimeControl "180+1"]
[EndTime "10:45:17 PST"]
[Termination "Taktikmonster won by checkmate"]

1. e4 e5 2. Nf3 d6 3. d4 exd4 4.
Nxd4 Nf6 5. Nc3 Be7 6. Be2 O-O 7. O-O Re8 8. f4 Bf8 9. Bf3 c5 10. Nde2 Nc6 11. f5 Ne5 12. Bg5 Be7 13. Nf4 b6 14. Qd2 Bb7 15. Rad1 Nc4 16. Qc1 Rc8 17. b3 Ne5 18.
Qd2 Rc6 19. Nd3 Qb8 20. Nxe5 dxe5 21. Bxf6 Bxf6 22. Nd5 Qd8 23. c4 Bg5 24. Qe2 Rd6 25. g3 Kh8 26. Kg2 f6 27. h4 Bh6 28. g4 Bxd5 29.
exd5 e4 30. Bxe4 Rd7 31. Rde1 Rde7 32. Qf3 Qd6 33. Re2 a6 34. Rfe1 Bf4 35. Bd3 Be5 36. g5 Bc3 37. Rxe7 Rxe7 38. Rxe7 Qxe7 39. d6 Qd8 40. Qc6 Kg8 41. d7 Kf8 42. g6 hxg6 43. fxg6 Be5 44. Qe6 Qe7 45. d8=Q+ Qxd8 46. Qf7# 1-0